 Dungeon Crawl Stone Soup version 0.17-a0-1714-g35622ae (webtiles) character file.

528512 Krapule the Acrobat (level 24, -13/120 HPs)
             Began as a Spriggan Enchanter on Aug 16, 2015.
             Was the Champion of Dithmenos.
             Killed by the air
             ... invoked by a spriggan air mage
             ... led by a spriggan berserker
              (15 damage)
             ... on level 4 of the Depths on Aug 23, 2015.
             The game lasted 10:47:53 (96047 turns).

Krapule the Acrobat (Spriggan Enchanter)           Turns: 96047, Time: 10:47:54

Health: -13/120    AC:  6    Str:  8      XL:     24   Next: 34%
Magic:  9/33       EV: 46    Int: 28 (30) God:    Dithmenos [******]
Gold:   4880       SH:  0    Dex: 22      Spells: 5 memorised, 33 levels left

rFire  + . .     SeeInvis +     a - +4 dagger "Morg" {pain, MR+ Int+5}
rCold  + . .     Clarity  .     q - +2 robe {rC+ rF+}
rNeg   . . .     SustAt   .     (shield restricted)
rPois  +         Gourm    .     Q - +0 hat {Int+3}
rElec  +         Spirit   .     T - +1 cloak {rPois}
rCorr  .         Warding  .     (gloves unavailable)
rMut   .         Stasis   .     (boots unavailable)
MR     +++++                    r - amulet of Loleuwne {rElec Regen+}
Stlth  ++++++++++               u - +3 ring of slaying
                                U - ring "Siserr" {MR+ MP-9 EV+3 Int+2 Dex+2}

@: very slightly contaminated, regenerating, wreathed by umbra, very quick,
almost entirely resistant to hostile enchantments, uncannily stealthy
A: unfitting armour, see invisible, herbivore 3, speed 3, slow metabolism 2
a: Shadow Step, Shadow Form, Renounce Religion
}: 3/15 runes: barnacled, silver, gossamer


You were on level 4 of the Depths.
You worshipped Dithmenos.
Dithmenos was exalted by your worship.
You were full.

You visited 10 branches of the dungeon, and saw 49 of its levels.

You collected 7568 gold pieces.
You spent 2688 gold pieces at shops.

Inventory:

Hand weapons
 a - the +4 dagger "Morg" (weapon) {pain, MR+ Int+5}
   (You found it on level 5 of the Vaults)

   In the hands of one skilled in necromantic magic, it inflicts extra damage on
   living creatures.
   It affects your intelligence (+5).
   It affects your resistance to hostile enchantments.
 b - the +5 pair of quick blades "Gyre" and "Gimble" {pierce, Dex-3}
   (You took it off a deep elf high priest on level 3 of the Elven Halls)

   It inflicts extra damage upon your enemies.
   It affects your dexterity (-3).
 j - a +2 dagger of holy wrath
Armour
 k - a +2 robe of positive energy
 q - a +2 robe of resistance (worn)
 t - a +2 buckler of protection
 Q - a +0 hat of intelligence (worn)
 T - a +1 cloak of poison resistance (worn)
Magical staves
 h - an uncursed staff of cold {unknown}
 A - a cursed staff of air {unknown}
Rods
 n - a cursed +2 iron rod (13/13)
   (You found it on level 1 of the Depths)
 O - a +6 iron rod (14/14)
   (You found it on level 4 of the Shoals)
Jewellery
 c - an uncursed amulet of clarity
 r - the amulet of Loleuwne (around neck) {rElec Regen+}
   (You took it off a yaktaur captain on level 5 of the Vaults)

   [amulet of regeneration]

   It insulates you from electricity.
   It increases your rate of regeneration.
 u - a +3 ring of slaying (right hand)
 U - the ring "Siserr" (left hand) {MR+ MP-9 EV+3 Int+2 Dex+2}
   (You found it on level 4 of the Shoals)

   [ring of evasion]

   It affects your evasion (+3).
   It affects your intelligence (+2).
   It affects your dexterity (+2).
   It affects your resistance to hostile enchantments.
   It affects your magic capacity (-9).
 V - an uncursed ring of positive energy
 X - an uncursed ring of protection from fire
 Z - an uncursed amulet of warding
Magical devices
 e - a wand of cold (8)
 i - a wand of enslavement (11)
 m - a wand of teleportation (5)
 K - a wand of paralysis (13)
 L - a wand of magic darts (19)
 P - a wand of disintegration (0)
 R - a wand of polymorph (8)
Scrolls
 f - 2 scrolls of magic mapping
 o - 46 scrolls of identify
 p - 8 scrolls of fear
 y - 2 scrolls of blinking
 z - 25 scrolls of remove curse
 G - 2 scrolls of fog
 H - 2 scrolls of enchant armour
Potions
 g - 4 potions of resistance
 w - a potion of berserk rage
 C - 8 potions of agility
 D - 4 potions of haste
 E - 11 potions of curing
 F - 5 potions of might
 I - 5 potions of ambrosia
 J - 10 potions of brilliance
 M - 6 potions of flight
Books
 s - an Akashic Record

   Spells                             Type                      Level
   a - Dispersal                      Translocation                6
   b - Controlled Blink               Translocation                7
   c - Malign Gateway                 Summoning/Translocation      7
   d - Disjunction                    Translocation                8
 v - a book of Minor Magic

   Spells                             Type                      Level
   a - Magic Dart                     Conjuration                  1
   b - Blink                          Translocation                2
   c - Call Imp                       Summoning                    2
   d - Repel Missiles                 Charms/Air                   2
   e - Slow                           Hexes                        2
   f - Conjure Flame                  Conjuration/Fire             3
   g - Mephitic Cloud                 Conjuration/Poison/Air       3
Miscellaneous
 B - a crystal ball of energy
Comestibles
 d - 23 bread rations
 l - 17 royal jellies


   Skills:
 - Level 10.0 Fighting
 + Level 21.1 Short Blades
 + Level 26.4 Dodging
 + Level 24.3 Stealth
 - Level 14.0 Spellcasting
 + Level 17.8 Hexes
 - Level 16.0 Charms
 - Level 12.0 Necromancy
 + Level 11.0 Invocations
 - Level 5.0 Evocations


You had 33 spell levels left.
You knew the following spells:

 Your Spells              Type           Power        Failure   Level  Hunger
a - Confuse               Hex            #######.     0%          3    None
b - Tukima's Dance        Hex            #######.     0%          3    None
c - Regeneration          Chrm/Necr      #######...   1%          3    None
d - Invisibility          Hex            #######.     1%          6    ####...
e - Spectral Weapon       Hex/Chrm       #######.     0%          3    None


Dungeon Overview and Level Annotations

Branches:
Dungeon (15/15)            Temple (1/1) D:4            Lair (8/8) D:10
 Shoals (4/4) Lair:4       Spider (4/4) Lair:4        Slime (0/6) Lair:8
    Orc (4/4) D:9             Elf (3/3) Orc:4        Vaults (5/5) D:14
  Crypt (1/3) Vaults:3     Depths (4/5) D:15

Altars:
Ashenzari
Cheibriados
Dithmenos
Elyvilon
Fedhas
Gozag
Kikubaaqudgha
Makhleb
Nemelex Xobeh
Okawaru
Qazlal
Ru
Sif Muna
Trog
Vehumet
Xom
Yredelemnul
Zin
The Shining One
Lugonu

Shops:
D:5 =   D:6 ?   D:8 :   Orc:1 }   Orc:3 %   Orc:4 [(%(   Elf:1 *   Vaults:1 %
Vaults:3 *   Vaults:4 !

Portals:
Hell: Depths:1 Depths:2 Depths:3 Depths:4
Abyss: Depths:3
Pandemonium: Depths:2 Depths:3
Ziggurat: Depths:3

Annotations:
Lair:5 exclusion: ice statue
Spider:2 exclusion: Roxanne, Roxanne
Depths:1 kroki's ghost, great DrBe
Depths:2 kroki's ghost, great DrBe
Depths:3 Norris


Innate Abilities, Weirdness & Mutations

You are tiny and cannot use many weapons and most armour.
You have supernaturally acute eyesight.
You are a herbivore.
You cover ground extremely quickly.
You need consume almost no food.


Message History

The spriggan berserker rages.
The spriggan berserker rages.
The spriggan berserker rages.
The spriggan air mage casts a spell at you.
The bolt of lightning misses you.
The spriggan berserker completely misses you.
The spriggan berserker hits you!!
* * * LOW HITPOINT WARNING * * *
You emit a cloud of dark smoke.
Things that are here:
a war axe; a plate armour Drink which item? (? for menu, Esc to quit)
Okay, then.
Casting: Regeneration
Confirm with . or Enter, or press ? or * to list all spells.
Your skin crawls.
The spriggan berserker hits you!
* * * LOW HITPOINT WARNING * * *
The spriggan air mage waves its arms in wide circles.
The air twists around and strikes you!
You die...

....≈........≈......).)....###
≈.#..........≈≈≈≈...(.........#
≈.#.....(...≈≈≈≈≈...[........##
............≈≈≈≈≈≈..#.......##
≈≈..........≈≈≈≈≈≈..#.......#
.........##...§.....#......##
.......(.##...§.§§.......###
.........##....§§.......##
≈≈.^..........§.@..^.####
≈≈............§§i§....#
...≈≈.......i.§)§§..###
≈≈..≈......i.§§§§.######
≈≈≈.≈≈..i.....<...####_###
.≈≈.≈≈≈≈..........##.....#
..x.≈≈≈≈≈.........##♣...♣#
....≈≈≈≈≈......#..##.....#
..#.≈≈≈≈≈......##.##♣...♣#


You could see a spriggan rider, a spriggan berserker (berserk) and a spriggan
air mage.

Vanquished Creatures
  Mennas (Depths:3)
  Saint Roka (Elf:3)
  The ghost of 4thArraOfDagon the Brawler, a mighty TrCK of Cheibriados (Vaults:4)
  Jorgrun (Depths:3)
  4 tentacled monstrosities
  2 deep elf blademasters (Elf:3)
  5 liches
  A quicksilver dragon (Depths:2)
  2 titans
  2 deep elf master archers (Elf:3)
  2 krakens (Shoals:1)
  2 octopode crushers
  3 tengu reavers (Vaults:5)
  2 shadow dragons
  5 sphinxes
  4 storm dragons
  Ilsuiw (Shoals:4)
  13 deep elf sorcerers
  11 fire giants
  Maud (Lair:3)
  5 ghost moths
  An iron dragon (Vaults:5)
  7 emperor scorpions
  Aizul (Depths:1)
  4 frost giants
  An orc warlord (Orc:2)
  22 vault wardens
  18 ironheart preservers
  29 stone giants
  6 very ugly things
  6 deep elf demonologists
  5 vampire knights
  Azrael (Orc:4)
  2 salamander stormcallers
  12 deep elf annihilators
  6 merfolk javelineers
  11 deep elf death magi
  9 ettins
  Snorg (D:10)
  33 vault guards
  2 eidola (Crypt:1)
  4 merfolk impalers
  Josephine (Orc:2)
  6 ice dragons
  6 jiangshi
  7 deep elf high priests
  6 entropy weavers
  11 fire dragons
  8 great orbs of eyes
  18 yaktaur captains
  13 hydras
  A ghost crab (shapeshifter) (Vaults:5)
  3 rakshasas
  6 spriggan air magi
  4 merfolk avatars
  13 ogre magi
  5 merfolk aquamancers
  An alligator snapping turtle (shapeshifter) (Vaults:4)
  2 alligator snapping turtles
  3 death yaks (Lair:4)
  5 vampire magi
  14 dancing weapons
  4 orc high priests
  7 centaur warriors
  6 tengu warriors
  6 deep troll earth magi
  3 spriggan berserkers
  5 deep troll shamans
  Urug (Lair:3)
  The ghost of cireshan the Thaumaturge, a powerful DECj of Sif Muna (Lair:2)
  A storm dragon zombie (Depths:1)
  21 deep elf knights
  2 titan skeletons
  3 skeletal warriors (Vaults:1)
  2 soul eaters
  3 shadow wraiths
  A fire crab (Vaults:4)
  5 iron trolls
  A storm dragon skeleton (Crypt:1)
  5 sea snakes
  4 unseen horrors
  2 giant orange brains (Depths:2)
  7 deep elf summoners
  4 wizards
  An unseen horror (shapeshifter) (Depths:2)
  23 deep trolls
  An anaconda skeleton (Crypt:1)
  A lindwurm (shapeshifter) (Depths:2)
  9 hill giants
  A lindwurm (Lair:8)
  8 orc knights
  A giant orange brain (shapeshifter) (Vaults:5)
  22 harpies
  5 phantasmal warriors
  3 harpies (shapeshifter)
  20 deep elf conjurers
  A flayed ghost (Depths:2)
  22 orb spiders
  7 necromancers
  A faun (Shoals:2)
  8 orc sorcerers
  65 ugly things
  11 griffons
  27 wolf spiders
  3 cyclopes
  4 water nymphs
  An iron dragon zombie (Depths:1)
  A water nymph (shapeshifter) (Vaults:2)
  12 hornets
  28 ironbrand convokers
  A moth of wrath (Spider:3)
  14 manticores
  4 sirens
  Maurice (Orc:2)
  9 black mambas
  2 salamanders (shapeshifter)
  A stone giant skeleton (Vaults:4)
  16 vault sentinels
  24 elephants
  6 torpor snails
  6 komodo dragons
  5 spectral swamp worms (Depths:1)
  A rust devil (Depths:3)
  16 spiny frogs
  3 gargoyles
  A mottled draconian zombie (Crypt:1)
  A hellion (Depths:3)
  A green draconian zombie (Crypt:1)
  19 demonic crawlers
  2 red devils (Depths:3)
  66 yaktaurs
  A yaktaur (shapeshifter) (Vaults:4)
  2 kobold demonologists
  25 merfolk
  3 tengu conjurers
  25 jumping spiders
  2 small abominations
  8 trolls
  11 deep elf priests
  9 freezing wraiths
  4 wind drakes
  A blue devil (Depths:3)
  A two-headed ogre (shapeshifter) (Vaults:4)
  5 fire drakes
  2 giant leeches (Lair:8)
  A wind drake (shapeshifter) (Vaults:3)
  A merfolk (shapeshifter) (Elf:2)
  10 polar bears
  25 blink frogs
  Prince Ribbit (Lair:2)
  3 raiju (Lair:8)
  3 spriggan zombies (Depths:1)
  15 slime creatures
  20 two-headed ogres
  3 centaur simulacra (D:10)
  A snapping turtle (shapeshifter) (Vaults:2)
  2 shock serpent simulacra (Crypt:1)
  10 boulder beetles
  9 snapping turtles
  An ettin skeleton (Vaults:4)
  22 trapdoor spiders
  2 deep troll zombies (Depths:1)
  3 flying skulls (Crypt:1)
  2 wyverns
  2 frost giant simulacra (Vaults:1)
  3 spriggans
  Sigmund (D:2)
  6 shadows
  32 deep elf magi
  The ghost of cireshan the Ruffian, an average TrMo (D:4)
  An ice dragon skeleton (Depths:1)
  7 wraiths
  37 redbacks
  57 deep elf fighters
  4 air elementals
  34 yaks
  17 tarantellas
  16 water elementals
  2 hungry ghosts
  A hog (shapeshifter) (Depths:1)
  4 basilisks
  15 hippogriffs
  3 vampire mosquitoes (Vaults:3)
  A tengu zombie (Depths:1)
  A hippogriff (shapeshifter) (Vaults:4)
  2 human simulacra
  12 swamp worms (Spider:3)
  10 wargs
  3 mottled dragons
  4 fire elementals
  17 wolves
  13 water moccasins
  A soldier ant (D:14)
  5 hell hounds
  18 spiders
  6 porcupines
  A necrophage (D:12)
  3 sky beasts
  13 black bears
  An eye of draining (D:9)
  12 ice beasts
  18 boggarts
  7 wasps
  38 orc warriors
  A swamp dragon zombie (Crypt:1)
  21 centaurs
  52 ogres
  A sky beast (shapeshifter) (Vaults:2)
  A tengu (shapeshifter) (Depths:2)
  An elephant zombie (Lair:7)
  An ettin simulacrum (Depths:1)
  8 crocodiles
  An eye of draining (shapeshifter) (Vaults:3)
  A big kobold (shapeshifter) (Vaults:5)
  A brain worm (shapeshifter) (Depths:1)
  3 phantoms
  4 brain worms (Lair:8)
  The ghost of cireshan the Conjurer, an average DECj (D:3)
  20 giant frogs
  8 big kobolds
  A komodo dragon zombie (Lair:7)
  A glowing shapeshifter simulacrum (Depths:1)
  A human skeleton (Vaults:4)
  A water moccasin skeleton (D:9)
  7 electric eels
  2 scorpions
  A wyvern skeleton (D:13)
  4 centaur zombies
  A lava snake (Lair:6)
  2 quasits
  A wasp zombie (D:13)
  8 wights
  6 crimson imps
  19 killer bees
  17 hounds
  A giant frog skeleton (D:10)
  3 jellies
  Crazy Yiuf (D:4)
  26 orc priests
  4 centaur skeletons
  17 worker ants
  A basilisk zombie (Lair:7)
  3 iron imps (Depths:3)
  15 iguanas
  38 orc wizards
  6 hell rats
  A killer bee zombie (D:6)
  A giant frog simulacrum (D:10)
  A dwarf zombie (Crypt:1)
  A crocodile zombie (Lair:7)
  A hound skeleton (D:5)
  A worker ant zombie (D:6)
  3 gnolls (D:7)
  39 river rats
  11 adders
  5 shadow imps
  A steam dragon skeleton (Crypt:1)
  13 white imps
  An ufetubus (D:10)
  2 oozes (D:1)
  An adder zombie (D:8)
  28 worms
  An adder skeleton (D:8)
  176 orcs
  2 ball pythons
  9 goblins
  10 hobgoblins
  20 jackals
  42 kobolds
  A quokka (shapeshifter) (Vaults:4)
  A bat (shapeshifter) (Vaults:3)
  5 bats
  4 giant cockroaches
  6 giant geckos
  A giant gecko skeleton (D:5)
  5 giant newts
  4 quokkas
  A quokka skeleton (D:9)
  20 rats
  A fungus (Lair:8)
  A plant (Lair:8)
  A spectral weapon (Depths:1)
2357 creatures vanquished.

Vanquished Creatures (collateral kills)
  3 tengu reavers (Vaults:5)
  A deep elf sorcerer (Elf:3)
  6 vault wardens
  2 frost giants
  An ironheart preserver (Vaults:2)
  A spriggan defender (Depths:1)
  2 deep elf annihilators (Elf:3)
  5 vault guards
  3 rakshasas
  3 merfolk aquamancers (Shoals:4)
  4 ogre magi
  3 deep elf knights
  2 hill giants
  5 deep elf conjurers
  2 sirens
  A vault sentinel (Vaults:1)
  A yaktaur (Vaults:3)
  7 merfolk
  A tengu conjurer (D:13)
  2 deep elf priests
  12 two-headed ogres
  A deep elf mage (Vaults:2)
  A water elemental (Shoals:3)
  4 deep elf fighters
  A tarantella (Spider:4)
  An orc warrior (Orc:2)
  A spider (Spider:4)
  A boggart (Vaults:1)
  16 ogres
  An orc wizard (Orc:2)
  An orc (Orc:2)
95 creatures vanquished.

Vanquished Creatures (others)
  A deep elf sorcerer (Elf:3)
  A vault warden (Vaults:3)
  A stone giant (Vaults:3)
  An ettin (Depths:1)
  A merfolk javelineer (Shoals:4)
  An ogre mage (Depths:1)
  23 dancing weapons
  A vault sentinel (Vaults:2)
  A deep elf fighter (Vaults:2)
  An ogre (Vaults:4)
  A boggart (Vaults:1)
  2 orc priests
  A worm (Spider:3)
  45 bushes (Depths:1)
  43 fungi
  60 plants
  31 spectral weapons
  4 tentacles (Shoals:1)
  220 tentacle segments (Shoals:1)
439 creatures vanquished.

Grand Total: 2891 creatures vanquished

Notes
Turn   | Place    | Note
--------------------------------------------------------------
     0 | D:1      | Krapule the Spriggan Enchanter began the quest for the Orb.
     0 | D:1      | Reached XP level 1. HP: 9/9 MP: 5/5
   297 | D:1      | Reached XP level 2. HP: 13/13 MP: 6/6
  1025 | D:1      | Reached XP level 3. HP: 17/17 MP: 8/8
  1213 | D:2      | Noticed Sigmund
  1362 | D:2      | Reached skill level 1 in Fighting
  1468 | D:2      | Reached skill level 5 in Stealth
  1730 | D:2      | Learned a level 3 spell: Confuse
  1734 | D:2      | Learned a level 3 spell: Tukima's Dance
  1918 | D:3      | Noticed cireshan's ghost (average DECj)
  1991 | D:2      | Reached XP level 4. HP: 17/22 MP: 10/10
  2180 | D:2      | Killed Sigmund
  2180 | D:2      | Reached XP level 5. HP: 25/25 MP: 4/12
  2328 | D:2      | Found a faded altar to an unknown god.
  3243 | D:3      | Reached XP level 6. HP: 27/30 MP: 13/13
  3313 | D:3      | Reached skill level 5 in Dodging
  3313 | D:3      | Reached skill level 6 in Stealth
  3855 | D:3      | Found a deep blue altar of Sif Muna.
  4181 | D:4      | Noticed cireshan's ghost (average TrMo)
  4205 | D:3      | Reached skill level 5 in Hexes
  4464 | D:3      | Killed cireshan's ghost
  4484 | D:4      | Found a staircase to the Ecumenical Temple.
  4494 | Temple   | Entered the Ecumenical Temple
  4788 | D:4      | Reached XP level 7. HP: 22/33 MP: 11/15
  5138 | D:4      | Reached skill level 5 in Spellcasting
  5160 | D:4      | Found a shimmering altar of Xom.
  5207 | D:4      | Noticed Crazy Yiuf
  5211 | D:4      | Killed Crazy Yiuf
  5284 | D:4      | Reached skill level 7 in Stealth
  5339 | D:4      | Killed cireshan's ghost
  5459 | D:5      | Entered Level 5 of the Dungeon
  6159 | D:5      | Found Lirphaxen's Jewellery Shop.
  6599 | D:5      | Reached skill level 8 in Stealth
  6599 | D:5      | Reached XP level 8. HP: 37/37 MP: 8/16
  7726 | D:6      | Found Fybi's Magic Scroll Shop.
  7740 | D:6      | Reached skill level 5 in Short Blades
  7849 | D:6      | Noticed a two-headed ogre
  8017 | D:6      | Killed a two-headed ogre
  8896 | D:7      | Found a sparkling altar of Nemelex Xobeh.
  9028 | D:7      | Reached XP level 9. HP: 43/43 MP: 17/17
  9043 | D:7      | Reached skill level 9 in Dodging
 10168 | D:8      | Found a bloodstained altar of Trog.
 10554 | D:8      | Found Vaduigey's Book Shop.
 10687 | D:8      | Reached skill level 10 in Dodging
 11210 | D:9      | Found an ancient bone altar of Kikubaaqudgha.
 11213 | D:9      | Found a blossoming altar of Fedhas.
 11385 | D:9      | Reached XP level 10. HP: 51/51 MP: 15/19
 11418 | D:9      | Found a radiant altar of Vehumet.
 11589 | D:9      | Found a staircase to the Orcish Mines.
 11873 | D:9      | Found an iron altar of Okawaru.
 11875 | D:9      | Found a shadowy altar of Dithmenos.
 12190 | D:9      | Found a burning altar of Makhleb.
 12190 | D:9      | Found an opulent altar of Gozag.
 12192 | D:9      | Found a white marble altar of Elyvilon.
 12415 | D:10     | Entered Level 10 of the Dungeon
 12494 | D:10     | Found a white marble altar of Elyvilon.
 12627 | D:10     | Reached skill level 5 in Fighting
 12776 | D:10     | Noticed Snorg
 12803 | D:10     | Killed Snorg
 12803 | D:10     | Reached skill level 11 in Dodging
 13240 | D:10     | Found a staircase to the Lair.
 13355 | D:10     | Noticed a hill giant
 13423 | D:9      | Became a worshipper of Dithmenos the Shadowed
 13511 | D:10     | Killed a hill giant
 13511 | D:10     | Reached skill level 10 in Hexes
 13511 | D:10     | Reached skill level 1 in Invocations
 13681 | D:10     | Reached skill level 10 in Stealth
 13917 | D:10     | Reached XP level 11. HP: 55/55 MP: 15/21
 14291 | D:11     | Reached skill level 12 in Dodging
 15741 | D:12     | Acquired Dithmenos's first power
 16197 | D:12     | Noticed a hill giant
 16230 | D:12     | Killed a hill giant
 16230 | D:12     | Reached skill level 10 in Short Blades
 16440 | D:12     | Noticed a hill giant
 16469 | D:12     | Killed a hill giant
 17034 | D:13     | Reached skill level 13 in Dodging
 17440 | D:13     | Noticed a five-headed hydra
 17465 | D:13     | Noticed a tengu warrior
 17467 | D:13     | Killed a five-headed hydra
 17484 | D:13     | Killed a tengu warrior
 17484 | D:13     | Reached skill level 5 in Invocations
 17597 | D:13     | Identified the Disquisition on Ashen Calling
 17674 | D:13     | Noticed a hill giant
 17692 | D:12     | Killed a hill giant
 17692 | D:12     | Acquired Dithmenos's second power
 17692 | D:12     | Reached XP level 12. HP: 56/60 MP: 12/22
 17971 | Lair:1   | Entered Level 1 of the Lair of Beasts
 18676 | Lair:1   | Reached skill level 14 in Dodging
 18858 | Lair:2   | Lost strength.
 18867 | Lair:2   | Noticed Prince Ribbit
 18868 | Lair:2   | Found an opulent altar of Gozag.
 18873 | Lair:2   | Killed Prince Ribbit
 19042 | Lair:2   | Acquired Dithmenos's third power
 19087 | Lair:2   | Noticed cireshan's ghost (powerful DECj)
 19303 | Lair:2   | Killed cireshan's ghost
 19453 | Lair:3   | Noticed Urug
 19454 | Lair:3   | Killed Urug
 20010 | Lair:3   | Noticed Maud
 20011 | Lair:3   | Noticed an eight-headed hydra
 20634 | Lair:3   | Killed an eight-headed hydra
 20634 | Lair:3   | Reached skill level 15 in Dodging
 20634 | Lair:3   | Reached XP level 13. HP: 63/63 MP: 13/24
 20640 | Lair:3   | Killed Maud
 20994 | Lair:4   | Found a hole to the Spider Nest.
 21293 | Lair:4   | Found a staircase to the Shoals.
 21553 | Lair:4   | Acquired Dithmenos's fourth power
 22834 | Lair:5   | Reached skill level 16 in Dodging
 24066 | Lair:6   | Reached XP level 14. HP: 64/70 MP: 27/27
 26790 | Lair:8   | Entered Level 8 of the Lair of Beasts
 27018 | Lair:8   | Found a staircase to the Slime Pits.
 27333 | Lair:8   | Reached skill level 17 in Dodging
 28212 | Lair:8   | Found a runed door.
 29679 | Lair:5   | Reached XP level 15. HP: 77/77 MP: 21/29
 29757 | Lair:1   | Upgraded the game from 0.17-a0-1663-gb806841 to 0.17-a0-1667-g4ca74a1
 29832 | Orc:1    | Entered Level 1 of the Orcish Mines
 29868 | Orc:1    | Found Nitysh's Gadget Shoppe.
 30575 | Orc:2    | Noticed Maurice
 30731 | Orc:2    | Killed Maurice
 30987 | Orc:2    | Noticed Josephine
 30995 | Orc:2    | Killed Josephine
 31412 | Lair:1   | Learned a level 3 spell: Regeneration
 31917 | Orc:3    | Found Puogg's Food Boutique.
 32362 | Orc:4    | Entered Level 4 of the Orcish Mines
 32505 | Orc:4    | Noticed Azrael
 32595 | Orc:4    | Found a staircase to the Elven Halls.
 32850 | Orc:4    | Killed Azrael
 32850 | Orc:4    | Reached skill level 1 in Charms
 33000 | Orc:4    | Reached skill level 1 in Necromancy
 33113 | Orc:4    | Found Remaove's Antique Armour Shoppe.
 33543 | Orc:4    | Reached skill level 15 in Stealth
 33627 | Orc:4    | Reached skill level 10 in Spellcasting
 33733 | Orc:4    | Found Pemamm's Antique Weapon Shoppe.
 33745 | Orc:4    | Found Duehe's Antique Weapon Shop.
 33747 | Orc:4    | Found Lebun's Food Shop.
 34392 | Orc:4    | Paralysed by an orc sorcerer for 6 turns
 34400 | Orc:4    | Reached skill level 18 in Dodging
 34693 | D:5      | Bought an uncursed amulet of clarity for 220 gold pieces
 34694 | D:5      | Bought a +4 ring of evasion for 396 gold pieces
 34801 | D:8      | Bought a book of Party Tricks for 700 gold pieces
 34801 | D:8      | Bought Borgnjor's Incunabulum of the Assorted Dances for 1282 gold pieces
 34914 | Lair:1   | Learned a level 6 spell: Invisibility
 36178 | D:14     | Found a gate to the Vaults.
 36584 | D:15     | Entered Level 15 of the Dungeon
 37450 | D:15     | Reached XP level 16. HP: 84/84 MP: 2/31
 37534 | D:15     | Found a staircase to the Depths.
 37618 | D:15     | Found a blossoming altar of Fedhas.
 38619 | Spider:1 | Entered Level 1 of the Spider Nest
 38629 | Spider:1 | Reached skill level 15 in Short Blades
 38910 | Spider:1 | Reached skill level 10 in Fighting
 39056 | Spider:2 | Noticed Roxanne
 39461 | Spider:3 | Reached skill level 5 in Charms
 39586 | Spider:3 | Reached skill level 19 in Dodging
 40727 | Spider:3 | Reached skill level 5 in Necromancy
 41455 | Spider:4 | Entered Level 4 of the Spider Nest
 45109 | Spider:4 | Reached XP level 17. HP: 89/89 MP: 26/32
 47739 | Spider:4 | Got a gossamer rune of Zot
 47966 | Spider:4 | Learned a level 3 spell: Spectral Weapon
 48148 | Shoals:1 | Entered Level 1 of the Shoals
 48688 | Shoals:1 | Reached skill level 20 in Dodging
 48688 | Shoals:1 | Reached skill level 10 in Charms
 51027 | Shoals:4 | Entered Level 4 of the Shoals
 51152 | Shoals:4 | Noticed Ilsuiw
 51994 | Shoals:4 | Killed Ilsuiw
 52940 | Shoals:4 | Reached XP level 18. HP: 93/93 MP: 27/33
 53991 | Shoals:4 | Got a heavily runed bone ring
 53993 | Shoals:4 | Identified the ring "Siserr" {MR+ MP-9 EV+3 Int+2 Dex+2} (You found it on level 4 of the Shoals)
 54432 | Shoals:4 | Got a barnacled rune of Zot
 54841 | Vaults:1 | Entered Level 1 of the Vaults
 55698 | Vaults:1 | Found Nemacey's Food Shoppe.
 56459 | Vaults:1 | Gained mutation: Armour fits poorly on your strangely shaped body. [mutagenic glow]
 56762 | Elf:1    | Entered Level 1 of the Elven Halls
 56917 | Elf:1    | Found Voczohelio's Assorted Antiques.
 57109 | Elf:1    | Reached skill level 21 in Dodging
 58596 | Elf:2    | Found a huge runed gate.
 58596 | Elf:2    | Found a huge runed gate.
 58601 | Elf:2    | Found a huge runed gate.
 58601 | Elf:2    | Found a huge runed gate.
 58601 | Elf:2    | Found a huge runed gate.
 59262 | Elf:3    | Entered Level 3 of the Elven Halls
 59283 | Elf:3    | Noticed Saint Roka
 59310 | Elf:3    | Killed Saint Roka
 59310 | Elf:3    | Reached XP level 19. HP: 98/98 MP: 23/36
 60825 | Elf:3    | HP: 4/98 [deep elf annihilator/long sword (15)]
 61873 | Depths:1 | Entered Level 1 of the Depths
 61873 | Depths:1 | Found a gateway to Hell.
 61879 | Depths:1 | Noticed Aizul
 62294 | Lair:1   | Upgraded the game from 0.17-a0-1667-g4ca74a1 to 0.17-a0-1674-g2b13139
 63836 | Vaults:1 | Upgraded the game from 0.17-a0-1674-g2b13139 to 0.17-a0-1685-g57e755e
 63888 | Vaults:2 | Reached skill level 15 in Hexes
 64902 | Vaults:2 | Reached skill level 22 in Dodging
 66453 | Vaults:2 | Reached XP level 20. HP: 102/102 MP: 19/37
 66551 | Vaults:2 | Reached skill level 10 in Invocations
 67214 | Vaults:3 | Found Widuxioh's Assorted Antiques.
 67321 | Vaults:3 | Found a staircase to the Crypt.
 67327 | Vaults:3 | Reached skill level 15 in Charms
 67334 | Crypt:1  | Entered Level 1 of the Crypt
 70554 | Vaults:4 | Reached skill level 1 in Evocations
 70764 | Vaults:3 | Reached skill level 23 in Dodging
 71265 | Vaults:4 | Reached XP level 21. HP: 105/107 MP: 15/38
 71359 | Vaults:4 | Found Xicaqonkoc's Distillery.
 71367 | Vaults:4 | Bought a potion of heal wounds for 90 gold pieces
 71561 | Vaults:4 | Noticed 4thArraOfDagon's ghost (mighty TrCK)
 71577 | Vaults:4 | Killed 4thArraOfDagon's ghost
 73615 | Elf:3    | Reached skill level 5 in Evocations
 74044 | Elf:3    | Got an ancient pewter ring
 74280 | Elf:3    | Got a sparkling copper ring
 74490 | Elf:3    | Identified the ring "Niahul" {*Confuse rPois MR+++ Str-3 Dex+2} (You took it off a deep elf high priest on level 3 of the Elven Halls)
 74492 | Elf:3    | Identified the cursed ring "Mesyst" {rElec MP+9 AC-3 Str-5 SInv} (You took it off a deep elf high priest on level 3 of the Elven Halls)
 75955 | Vaults:5 | Entered Level 5 of the Vaults
 76183 | Vaults:5 | Reached skill level 10 in Necromancy
 76426 | Vaults:5 | HP: 5/107 [deep elf annihilator/crystal spear[an ironheart preserver] (55)]
 76497 | Vaults:5 | HP: 5/107 [shadow dragon/bolt of negative energy (28)]
 78315 | Vaults:4 | Was placed under penance by Dithmenos
 78338 | Vaults:4 | Was forgiven by Dithmenos
 79208 | Vaults:4 | Reached skill level 24 in Dodging
 80619 | Vaults:4 | Reached XP level 22. HP: 111/111 MP: 20/41
 82386 | Vaults:5 | Got a clouded copper amulet
 83525 | Vaults:5 | Was placed under penance by Dithmenos
 83780 | Vaults:5 | Noticed an ancient lich
 84075 | Vaults:4 | Was forgiven by Dithmenos
 84456 | Vaults:5 | Identified the Volume of Hurtful Feathers
 85204 | Vaults:5 | Got a tattered robe
 85223 | Vaults:5 | Identified the cursed -5 robe of Misfortune {-Cast *Contam *Tele EV-4 Str-2 Int-2 Dex-2 Stlth-- *Curse} (You took it off a yaktaur on level 5 of the Vaults)
 85231 | Vaults:5 | Identified the amulet of Loleuwne {rElec Regen+} (You took it off a yaktaur captain on level 5 of the Vaults)
 85237 | Vaults:5 | Gained mutation: You are clumsy. (Dex -2) [mutagenic glow]
 85631 | Vaults:5 | Reached skill level 25 in Dodging
 85890 | Vaults:5 | Got a silver rune of Zot
 86436 | Lair:1   | Upgraded the game from 0.17-a0-1685-g57e755e to 0.17-a0-1701-gf693a3f
 86633 | Depths:1 | Reached XP level 23. HP: 10/115 MP: 27/42
 86849 | Depths:1 | Noticed kroki's ghost (great DrBe)
 87386 | Depths:1 | Killed Aizul
 87774 | Lair:1   | Lost mutation: Armour fits poorly on your strangely shaped body. [potion of cure mutation]
 87774 | Lair:1   | Lost mutation: You are clumsy. (Dex -2) [potion of cure mutation]
 91514 | Depths:2 | HP: 5/115 [kroki's ghost/bolt of negative energy (41)]
 91871 | Depths:2 | Reached skill level 26 in Dodging
 92002 | Depths:2 | Found a one-way gate leading to the halls of Pandemonium.
 92161 | Depths:3 | Noticed Jorgrun
 92168 | Depths:3 | Killed Jorgrun
 92232 | Depths:3 | Noticed Mennas
 92238 | Depths:3 | Killed Mennas
 92483 | Depths:3 | Found a corrupted altar of Lugonu.
 92488 | Depths:3 | Found a one-way gate to the infinite horrors of the Abyss.
 92601 | Depths:3 | Reached XP level 24. HP: 120/120 MP: 33/42
 92690 | Depths:3 | Noticed Norris
 92855 | Depths:3 | Found a gateway to a ziggurat.
 93753 | Depths:2 | Upgraded the game from 0.17-a0-1701-gf693a3f to 0.17-a0-1714-g35622ae
 95907 | Depths:4 | Found a glowing golden altar of the Shining One.
 96044 | Depths:4 | HP: 5/120 [spriggan berserker (28)]
 96046 | Depths:4 | HP: 1/120 [spriggan berserker (7)]
 96047 | Depths:4 | Killed from afar by a spriggan air mage

Vault maps used:
D:1:      roderic_lyre
D:2:      ecumenical_altar_2, first_bread, uniq_sigmund
D:3:      lemuel_blue_sif_altar
D:4:      lemuel_round_altar, minmay_temple_entry_large_hall,
          uniq_crazy_yiuf_cottage
D:5:      serial_shops, shop
D:6:      serial_shops, shop_coins
D:7:      nemelex_xobeh_ov_fountains_minmay
D:8:      kennysheep_little_box, serial_shops, nicolae_shop_behind_doors
D:9:      grunt_temple_overflow_growth_and_decay,
          nicolae_overflow_hidden_temple, david_orc_2, basic_altar
D:10:     lair_0_dummy, serial_ice, serial_ice_a, serial_ice_n, serial_ice_e,
          serial_ice_b, serial_ice_g, serial_ice_f, basic_altar, uniq_snorg
D:14:     david_vaults_2, kennysheep_cluttered_room, the_bakery
D:15:     grunt_enter_depths_snipers, fedhas_altar_2
Temple:   minmay_temple_bridge_a_8
Lair:1:   kennysheep_rathole, serial_bayou_shore_b
Lair:2:   basic_altar, st_stairs_12, uniq_prince_ribbit2
Lair:3:   lemuel_fruit_tree, serial_bayou_shore_b, uniq_urug, uniq_maud
Lair:4:   kennysheep_abandoned_house, elwin_shoals_entry_rooms,
          nicolae_spider_entry_orb_guardian
Lair:5:   nicolae_lair_grove_arrangements, fungi_pond_lemuel,
          cheibrodos_lair_caveside_slide, serial_bayou_pond_e, ice2_lemuel
Lair:7:   pond_and_an_island_with_a_cottage
Lair:8:   wormcave, hangedman_lair_caniforms_friends, minmay_slime_entry_pillars
Shoals:4: shoals_end_simple, shoals_ilsuiw_alternative
Spider:2: uniq_roxanne
Spider:3: worms_lemuel
Spider:4: guppyfry_spider_rune
Orc:1:    serial_shops, shop
Orc:2:    uniq_josephine, uniq_maurice
Orc:3:    serial_shops, shop, nicolae_orc_pool_cavern
Orc:4:    st_orc_elflike, elves_outpost_lemuel, uniq_azrael
Elf:1:    elf_arrival_001, serial_shops, nicolae_shop_statue_plus,
          hangedman_elf_disciples, grunt_ministairs_9, grunt_megastairs_3
Elf:3:    minmay_elf_hall_spiked, uniq_saint_roka
Vaults:1: nicolae_vaults_display_case, nicolae_vaults_mini_display_case,
          nicolae_vaults_circle_grid_a, v_misc_32, v_pattern_4, v_alt_pattern_4,
          v_alt_pattern_5, serial_shops, nicolae_shop_crystal
Vaults:2: st_lattice, ontoclasm_vaults_hangar, ontoclasm_vaults_spin, v_misc_25,
          nicolae_vaults_disjoint_gnomons, hangedman_vaults_stagger,
          dpeg_vaults_monster_box, nicolae_vaults_shelves_hall, v_rooms_6,
          ontoclasm_vaults_pinch, hangedman_vaults_slice,
          vaults_dpeg_encased_lava, v_misc_16
Vaults:3: hangedman_vaults_unwind, nicolae_vaults_border_crossing,
          v_alt_pattern_6, hangedman_vaults_slice, vaults_room_pools,
          ontoclasm_vaults_idyll, minmay_crypt_entry_simple_round, serial_shops,
          shop
Vaults:4: v_rooms_4, v_misc_14, v_misc_5, nicolae_vaults_angled_halls,
          nicolae_vaults_triangles, v_alt_pattern_6,
          nicolae_vaults_diagonal_hallway_8, vaults_room_corners, v_misc_11,
          vaults_room_glass_cross, serial_shops, shop
Vaults:5: serial_shops
Crypt:1:  grunt_ministairs_9, lemuel_freeze_loot_1, grunt_crypt_arrival_webbed
Depths:1: little_maze_vault, pf_hell_entry_tar_river, minmay_hedge_maze,
          kennysheep_generic_room_12, uniq_aizul
Depths:2: thingy_vault, pan_entry, serial_bayou_lagoon_a,
          marbit_kobold_abyss_entry, pf_coc_iceberg
Depths:3: due_chaos_kobolds, enter_ziggurat_e, hell_entry,
          grunt_pan_entry_spiral, kennysheep_nub, serial_sigils_hangedman_gut,
          serial_bayou_shore_b, infiniplex_staircase_trident,
          serial_bayou_shore_a, uniq_jorgrun, uniq_mennas, uniq_norris
Depths:4: due_jory_tower, tso_altar, hangedman_abyss_entry_splay, hell_entry,
          uniq_enchantress

Action                   |  1- 3 |  4- 6 |  7- 9 | 10-12 | 13-15 | 16-18 | 19-21 | 22-24 || total
-------------------------+-------+-------+-------+-------+-------+-------+-------+-------++-------
Melee: Dagger            |   170 |   259 |   717 |  1464 |  2704 |  2079 |  1349 |   964 ||  9706
       Pair of quick bla |       |       |       |       |       |       |   474 |   903 ||  1377
 Cast: Confuse           |       |    14 |    51 |   156 |   374 |   320 |   278 |   268 ||  1461
       Tukima's Dance    |       |       |       |     3 |     2 |    50 |   120 |    79 ||   254
       Invisibility      |       |       |       |       |       |    26 |    24 |     5 ||    55
       Spectral Weapon   |       |       |       |       |       |    10 |    51 |    66 ||   127
       Regeneration      |       |       |       |       |       |     4 |    25 |    28 ||    57
Invok: Shadow Step       |       |       |       |       |       |     1 |     2 |     1 ||     4
       Shadow Form       |       |       |       |       |       |       |     1 |     1 ||     2
Evoke: Wand              |       |       |       |     6 |     7 |     9 |     2 |     4 ||    28
       Rod               |       |       |       |       |       |       |       |     1 ||     1
  Use: Potion            |     4 |       |     9 |     2 |     3 |     3 |     5 |     3 ||    29
       Scroll            |     1 |     7 |     4 |     5 |     2 |     8 |    14 |     6 ||    47
 Stab: Sleeping          |    14 |    12 |    22 |    56 |   167 |   138 |    93 |    69 ||   571
       Confused          |       |     9 |    41 |    89 |   248 |   163 |   120 |    88 ||   758
       Distracted        |       |     1 |     3 |     8 |    28 |    35 |    53 |    84 ||   212
       Invisible         |       |       |       |       |       |    86 |    91 |    26 ||   203
  Eat: Bread ration      |       |     1 |     2 |     2 |       |     6 |     5 |     6 ||    22
       Pizza             |       |       |       |     1 |     3 |       |     1 |     1 ||     6
       Fruit             |       |       |       |       |    15 |     8 |     2 |     2 ||    27
